 Dungeon Crawl Stone Soup version 0.29.0 (webtiles) character file.

Game seed: 7716237308855747060

1948 kaikaun the Slasher (level 9, -2/74 HPs)
             Began as a Gnoll Cinder Acolyte on Sept 1, 2022.
             Was an Elder of Ignis.
             Killed from afar by a steam dragon (6 damage)
             ... with a ball of steam
             ... on level 7 of the Dungeon.
             The game lasted 00:18:03 (7902 turns).

kaikaun the Slasher (Gnoll Cinder Acolyte)          Turns: 7902, Time: 00:18:03

Health: -2/74      AC: 10    Str: 14    XL:     9   Next: 18%
Magic:  1/16       EV: 13    Int: 14    God:    Ignis [****..]
Gold:   202        SH:  5    Dex: 17    Spells: 13/18 levels left

rFire   + . .      SeeInvis .   a - -1 falchion (flame)
rCold   . . .      Faith    .   s - +0 buckler
rNeg    . . .      Spirit   .   d - +0 leather armour
rPois   .          Reflect  .   (no helmet)
rElec   .          Harm     .   (no cloak)
rCorr   .          Rampage  .   (no gloves)
Will    .....                   (no boots)
Stlth   +++.......              (no amulet)
HPRegen 0.22/turn               w - +6 ring of dexterity
MPRegen 0.15/turn               (no ring)

@: fiery-armoured
A: fangs 1, strong nose, distributed training
a: Renounce Religion, Fiery Armour, Foxfire Swarm, Rising Flame


You were on level 7 of the Dungeon.
You worshipped Ignis.
Ignis was greatly pleased with you.
You visited 2 branches of the dungeon, and saw 8 of its levels.

You collected 502 gold pieces.
You spent 300 gold pieces at shops.

Inventory:

Hand Weapons
 a - a -1 falchion of flaming (weapon)
 I - a +1 vorpal spear
Missiles
 f - 3 poisoned darts (quivered)
 z - 3 boomerangs
 F - a throwing net
 K - 5 curare-tipped darts
Armour
 d - a +0 leather armour (worn)
 s - a +0 buckler (worn)
 G - a +0 kite shield
Magical Staves
 v - a staff of air
 J - a staff of conjuration
Jewellery
 w - a +6 ring of dexterity (left hand)
Wands
 y - a wand of polymorph (1)
 D - a wand of roots (7)
Scrolls
 b - a scroll of brand weapon {unknown}
 c - a scroll of blinking
 g - a scroll of immolation {unknown}
 h - a scroll of torment {unknown}
 k - a scroll of fear {unknown}
 o - 2 scrolls of teleportation {unknown}
 p - a scroll of enchant weapon {unknown}
 t - a scroll of enchant armour {unknown}
 u - a scroll of vulnerability {unknown}
 B - a scroll of amnesia {unknown}
 E - a scroll of magic mapping {unknown}
Potions
 e - 6 potions of curing
 i - a potion of haste
 j - a potion of flight
 l - a potion of heal wounds
 m - a potion of might
 n - 3 potions of invisibility {unknown}
 q - 3 potions of attraction {unknown}
 r - a potion of ambrosia
 x - a potion of resistance
 A - a potion of berserk rage {unknown}
 H - a potion of lignification {unknown}
Miscellaneous
 C - a lightning rod (4/4)


   Skills:
 + Level 7.8 Fighting
 + Level 4.1 Short Blades
 + Level 7.8 Long Blades
 + Level 4.1 Axes
 + Level 4.1 Maces & Flails
 + Level 4.1 Polearms
 + Level 4.1 Staves
 + Level 4.1 Ranged Weapons
 + Level 4.1 Throwing
 + Level 4.1 Armour
 + Level 4.1 Dodging
 + Level 4.1 Stealth
 + Level 4.1 Shields
 + Level 4.1 Unarmed Combat
 + Level 5.1 Spellcasting
 + Level 3.4 Conjurations
 + Level 3.4 Hexes
 + Level 3.4 Summonings
 + Level 3.4 Necromancy
 + Level 3.4 Translocations
 + Level 3.4 Transmutations
 + Level 6.5 Fire Magic
 + Level 3.4 Ice Magic
 + Level 3.4 Air Magic
 + Level 3.4 Earth Magic
 + Level 3.4 Poison Magic
 + Level 4.5 Invocations
 + Level 4.1 Evocations


You had 13 spell levels left.
You knew the following spells:

 Your Spells              Type           Power      Damage    Failure   Level
a - Scorch                Fire           42%        2d7       3%          2
b - Swiftness             Air            13%        N/A       21%         3

Your spell library contained the following spells:

 Spells                   Type           Power      Damage    Failure   Level
 Shock                    Conj/Air       52%        1d6       7%          1
 Slow                     Hex            52%        N/A       7%          1
 Confusing Touch          Hex            13%        N/A       21%         3
 Vampiric Draining        Necr           13%        2d6       21%         3
 Airstrike                Air            6%         2d(1-17)  56%         4


Dungeon Overview and Level Annotations

Branches:
Dungeon (7/15)             Temple (1/1) D:6

Altars:
Ashenzari
Cheibriados
Dithmenos
Fedhas
Gozag
Hepliaklqana
Kikubaaqudgha
Makhleb
Nemelex Xobeh
Okawaru
Qazlal
Ru
Sif Muna
Trog
Uskayaw
Vehumet
Wu Jian
Xom
Zin
The Shining One

Shops:
D:6 *

Annotations:
D:5 1 transporter, bobfrom10's ghost, novice DECj


Innate Abilities, Weirdness & Mutations

You have very sharp teeth.
Your uncanny sense of smell can sniff out nearby items.
Your experience applies equally to all skills.


Message History

The steam dragon is lightly wounded.
The steam dragon's fire resistance burns away.
The steam dragon breathes steam at you. The ball of steam hits you. You resist.
* * * LOW HITPOINT WARNING * * *
The steam dragon is no longer more vulnerable to fire.
You block the steam dragon's attack.
The steam dragon claws you but does no damage.
The steam dragon is burned terribly!
The steam dragon is burned by your cloak of flames.
The steam dragon is heavily wounded.
You hit the steam dragon. You burn the steam dragon.
Your bite misses the steam dragon.
The steam dragon is severely wounded.
You block the steam dragon's attack.
The steam dragon claws you but does no damage.
The steam dragon is burned terribly!
The steam dragon is burned by your cloak of flames.
The steam dragon is almost dead.
The steam dragon breathes steam at you. The ball of steam misses you.
You slash the steam dragon! You burn the steam dragon.
You kill the steam dragon!
The steam dragon bites you.
* * * LOW HITPOINT WARNING * * *
The steam dragon is burned by your cloak of flames.
The steam dragon is severely wounded.
You block the steam dragon's attack.
You hit the steam dragon but do no damage.
The steam dragon is severely wounded.
The steam dragon bites you!
* * * LOW HITPOINT WARNING * * *
The steam dragon is burned by your cloak of flames.
The steam dragon is almost dead.
The steam dragon closely misses you.
You hit the steam dragon but do no damage.
The steam dragon is almost dead.
The steam dragon breathes steam at you. The ball of steam hits you. You resist.
You die...

#.. #.######......<.#...... #...
###≈~~~####.....#...... #≈..
#.....~~≈##....#...... #≈≈
#D..~≈#....#......
#....~##..###..##. ####
###.D...##..###+###.
#..######.##...##.........#.
#.........§##.###.........#.
#####..[......@....#.........#.
##..##..........D...#........)#.
#.............########..###..###
#...####'###..##....##+####..###
###..##....##..##................
.....##..........................
#...<#...........###.............
#....#.........###>####...#......
#....#.........##...# #...#######


You could see a steam dragon (catching breath).

Vanquished Creatures
  2 steam dragons (D:7)
  A water moccasin (D:7)
  A sky beast (D:7)
  An ice beast (D:7)
  2 ogres
  A phantom (D:3)
  A gnoll sergeant (D:7)
  3 bullfrogs
  2 scorpions (D:7)
  A howler monkey (D:5)
  3 hounds
  3 orc priests
  2 jellies
  2 iguanas
  5 orc wizards
  10 gnolls
  12 adders
  A worm (D:2)
  3 dart slugs
  19 orcs
  3 bats
  10 endoplasms
  3 giant cockroaches
  6 goblins
  7 hobgoblins
  9 jackals
  5 kobolds
  7 quokkas
  3 ball pythons
  4 frilled lizards
  3 rats
135 creatures vanquished.

Notes
Turn   | Place    | Note
-------+----------+-------------------------------------------
     0 | D:1      | kaikaun the Gnoll Cinder Acolyte began the quest for the
                  | Orb.
     0 | D:1      | Reached XP level 1. HP: 23/23 MP: 4/4
    17 | D:1      | Reached XP level 2. HP: 11/29 MP: 5/5
    24 | D:1      | Learned a level 2 spell: Scorch
   632 | D:1      | Reached XP level 3. HP: 35/35 MP: 7/7
   749 | D:1      | You fall into a shaft and drop 1 floor!
   844 | D:1      | Reached skill level 1 in Invocations
   984 | D:1      | Reached skill level 1 in Short Blades
   984 | D:1      | Reached skill level 1 in Axes
   984 | D:1      | Reached skill level 1 in Maces & Flails
   984 | D:1      | Reached skill level 1 in Polearms
   984 | D:1      | Reached skill level 1 in Staves
   984 | D:1      | Reached skill level 1 in Ranged Weapons
   984 | D:1      | Reached skill level 1 in Throwing
   984 | D:1      | Reached skill level 1 in Armour
   984 | D:1      | Reached skill level 1 in Dodging
   984 | D:1      | Reached skill level 1 in Stealth
   984 | D:1      | Reached skill level 1 in Shields
   984 | D:1      | Reached skill level 1 in Unarmed Combat
   984 | D:1      | Reached skill level 1 in Evocations
  1681 | D:2      | Reached XP level 4. HP: 41/41 MP: 3/8
  2082 | D:2      | Reached skill level 1 in Conjurations
  2082 | D:2      | Reached skill level 1 in Hexes
  2082 | D:2      | Reached skill level 1 in Summonings
  2082 | D:2      | Reached skill level 1 in Necromancy
  2082 | D:2      | Reached skill level 1 in Translocations
  2082 | D:2      | Reached skill level 1 in Transmutations
  2082 | D:2      | Reached skill level 1 in Ice Magic
  2082 | D:2      | Reached skill level 1 in Air Magic
  2082 | D:2      | Reached skill level 1 in Earth Magic
  2082 | D:2      | Reached skill level 1 in Poison Magic
  2375 | D:3      | Found a shadowy altar of Dithmenos.
  2377 | D:3      | Found an ornate altar of the Wu Jian Council.
  2502 | D:3      | Reached XP level 5. HP: 47/47 MP: 4/9
  2798 | D:3      | Noticed a phantom
  2804 | D:3      | Killed a phantom
  3334 | D:3      | Reached XP level 6. HP: 12/53 MP: 1/11
  4137 | D:4      | Found a broken altar of Ashenzari.
  4206 | D:4      | Reached XP level 7. HP: 14/60 MP: 0/12
  4459 | D:4      | Learned a level 3 spell: Swiftness
  4531 | D:4      | Found a glowing silver altar of Zin.
  4532 | D:4      | Found an opulent altar of Gozag.
  4739 | D:5      | Entered Level 5 of the Dungeon
  5481 | D:5      | Found a transporter.
  5488 | D:5      | Noticed bobfrom10's ghost (novice DECj)
  5987 | D:6      | Found a hide-covered altar of Uskayaw.
  6031 | D:6      | Reached XP level 8. HP: 32/67 MP: 0/14
  6097 | D:6      | Found a staircase to the Ecumenical Temple.
  6107 | Temple   | Entered the Ecumenical Temple
  6276 | D:6      | Found Luraus's Gadget Gallery.
  6347 | D:6      | Bought a lightning rod (4/4) for 300 gold pieces
  7673 | D:7      | Reached XP level 9. HP: 68/73 MP: 16/16
  7897 | D:7      | Reached skill level 5 in Spellcasting
  7902 | D:7      | Killed from afar by a steam dragon

Illustrated notes

Levels and vault maps discovered:
D:1:      heliophobic_arrival_enchanted_forest, layout_basic, minmay_domino_2
D:2:      layout_basic
D:3:      layout_basic, mainiacjoe_overflow_catwalk_spiral
D:4:      layout_rooms, chequers_temple_overflow_statue_of_worship
D:5:      layout_basic, gammafunk_ghost_smash
D:6:      layout_gridville, mainiacjoe_overflow_cross_hatched,
          minmay_temple_entry_junction, nicolae_shop_gadgets
D:7:      cheibrodos_steamvent, layout_gridville,
          chequers_serial_rivers_micro_a, minivault_25,
          minmay_misc_feat_diagonals, grunt_ministairs_5, chequers_jeans
Temple:   nicolae_temple_bog_church

Skill      XL: |  1  2  3  4  5  6  7  8  9 |
---------------+----------------------------+-----
Invocations    | 1 2 3 4 |  4.5
Short Blades   | 1 2 3 4 |  4.1
Axes           | 1 2 3 4 |  4.1
Maces & Flails | 1 2 3 4 |  4.1
Polearms       | 1 2 3 4 |  4.1
Staves         | 1 2 3 4 |  4.1
Ranged Weapons | 1 2 3 4 |  4.1
Throwing       | 1 2 3 4 |  4.1
Armour         | 1 2 3 4 |  4.1
Dodging        | 1 2 3 4 |  4.1
Stealth        | 1 2 3 4 |  4.1
Shields        | 1 2 3 4 |  4.1
Unarmed Combat | 1 2 3 4 |  4.1
Evocations     | 1 2 3 4 |  4.1
Spellcasting   | 3 4 5 |  5.1
Conjurations   | 1 2 3 |  3.4
Hexes          | 1 2 3 |  3.4
Summonings     | 1 2 3 |  3.4
Necromancy     | 1 2 3 |  3.4
Translocations | 1 2 3 |  3.4
Transmutations | 1 2 3 |  3.4
Ice Magic      | 1 2 3 |  3.4
Air Magic      | 1 2 3 |  3.4
Earth Magic    | 1 2 3 |  3.4
Poison Magic   | 1 2 3 |  3.4
Fighting       | 7 |  7.8
Long Blades    | 7 |  7.8
Fire Magic     | 6 |  6.5

Action                   |  1- 3 |  4- 6 |  7- 9 || total
-------------------------+-------+-------+-------++-------
Melee: Falchion          |    86 |    80 |   125 ||   291
       Punch             |     1 |       |       ||     1
       Bite              |     4 |     8 |    14 ||    26
Throw: Dart              |       |     4 |     3 ||     7
 Cast: Scorch            |     5 |    36 |    79 ||   120
Invok: Fiery Armour      |     1 |       |     3 ||     4
  Use: Scroll            |     1 |     2 |     4 ||     7
       Potion            |       |       |     1 ||     1
 Stab: Sleeping          |       |     3 |     5 ||     8
Armor: Leather armour    |    24 |    12 |    34 ||    70
       Robe              |     1 |       |       ||     1
Dodge: Dodged            |    42 |    39 |    76 ||   157
Block: Buckler           |       |     2 |    46 ||    48
